 Dungeon Crawl Stone Soup version 0.24-a0-67-ga78bd38d5a (webtiles) character file.

Game seed: 3749693687512924250

448 Maize the Chopper (level 6, -11/56 HPs)
             Began as a Minotaur Berserker on Feb 3, 2019.
             Was a Priest of Trog.
             Mangled by a death knight
             ... wielding a +3 broad axe
              (13 damage)
             ... on level 5 of the Dungeon on Feb 5, 2019.
             The game lasted 00:08:16 (3103 turns).

Maize the Chopper (Minotaur Berserker)              Turns: 3103, Time: 00:08:17

Health: -11/56     AC: 11    Str: 23    XL:     6   Next: 73%
Magic:  5/5        EV:  9    Int:  4    God:    Trog [***...]
Gold:   83         SH:  0    Dex: 10    Spells: 5/5 levels left

rFire    . . .     SeeInvis .   f - +0 war axe
rCold    + . .     Gourm    .   (no shield)
rNeg     . . .     Faith    .   j - +0 chain mail
rPois    +         Spirit   .   (helmet restricted)
rElec    .         Reflect  .   (no cloak)
rCorr    .         Harm     .   (no gloves)
MR       .....                  r - +1 pair of boots
Stlth    ..........             x - amulet of inaccuracy (curse)
HPRegen  0.18/turn              p - ring of protection from cold
MPRegen  0.09/turn              v - ring of poison resistance

@: no status effects
A: retaliatory headbutt, horns 2
a: Berserk, Trog's Hand, Renounce Religion


You were on level 5 of the Dungeon.
You worshipped Trog.
Trog was most pleased with you.
You were hungry.

You visited 1 branch of the dungeon, and saw 5 of its levels.

You collected 83 gold pieces.

Inventory:

Hand Weapons
 a - a +0 hand axe
 f - a +0 war axe (weapon)
Armour
 j - a +0 chain mail (worn)
 r - a +1 pair of boots (worn)
Jewellery
 p - a ring of protection from cold (left hand)
 v - a ring of poison resistance (right hand)
 x - a cursed amulet of inaccuracy (around neck)
Scrolls
 b - 4 scrolls of remove curse {unknown}
 d - 4 scrolls of identify {unknown}
 e - 2 scrolls of immolation {unknown}
 g - 2 scrolls of fear {unknown}
 m - a scroll of enchant weapon {unknown}
 s - a scroll of enchant armour {unknown}
Potions
 h - a potion of ambrosia {unknown}
 i - 4 potions of curing {unknown}
 k - a potion of invisibility {unknown}
 l - a potion of brilliance {unknown}
 n - a potion of lignification {unknown}
 o - 2 potions of cancellation {unknown}
 q - a potion of heal wounds {unknown}
 t - a potion of flight {unknown}
 u - a potion of resistance {unknown}
 w - 2 potions of agility {unknown}
Comestibles
 c - 6 rations


   Skills:
 + Level 5.5 Fighting
 * Level 6.9 Axes
 + Level 4.8 Armour
 - Level 2.4 Dodging


You had 5 spell levels left.
You didn't know any spells.
Your spell library was empty.

Dungeon Overview and Level Annotations

Branches:
Dungeon (5/15)
 Temple: D:4-7

Altars:
Dithmenos
Nemelex Xobeh
Xom
Zin

Annotations:
D:5 1 transporter


Innate Abilities, Weirdness & Mutations

You reflexively headbutt those who attack you in melee.
You have a pair of horns on your head.


Message History

Something hits you but does no damage.
The orc priest hits you but does no damage.
The adder closely misses you. Something hits you.
The death knight hits you with a +3 broad axe!!
* * * LOW HITPOINT WARNING * * *
The adder bites you but does no damage.
The orc priest hits you but does no damage.
Something hits you but does no damage. The adder bites you.
* * * LOW HITPOINT WARNING * * *
The death knight hits you with a +3 broad axe!
* * * LOW HITPOINT WARNING * * *
The orc priest hits you but does no damage.
The adder bites you but does no damage. Something hits you.
* * * LOW HITPOINT WARNING * * *
The orc priest hits you but does no damage.
The adder bites you but does no damage.
The death knight hits you with a +3 broad axe!
You die...

#.#..#..........©.
#.#.......#########..
#....###.##8$._[$ ##
#
..........#..$}$$|..
.#
####..#.$.#..#...#.
#.#
#..#...#.#.....#.#.#
#....))#©........#.#
##.#...#.#.....#.#.#
#.....#..#S@.#..#.#
###...#...op....#.#
##..##8.....8##.#
#...#########..#
#.......o.....##
##........#####
#####...## #####


You could see a death knight, an orc priest, an adder and an orc.

Vanquished Creatures
  A phantom (D:4)
  2 hounds
  2 orc priests (D:2)
  Terence (D:2)
  A worker ant (D:4)
  An orc wizard (D:3)
  4 adders
  2 oozes
  3 worms
  A dart slug (D:2)
  5 leopard geckos
  12 orcs
  4 bats
  11 giant cockroaches
  8 goblins
  7 hobgoblins
  11 jackals
  A quokka (D:4)
  6 frilled lizards
  5 kobolds
  A leopard gecko skeleton (D:4)
  A quokka zombie (D:5)
  10 rats
100 creatures vanquished.

Notes
Turn   | Place    | Note
-------+----------+-------------------------------------------
     0 | D:1      | Maize the Minotaur Berserker began the quest for the Orb.
     0 | D:1      | Reached XP level 1. HP: 19/19 MP: 0/0
    88 | D:1      | Reached XP level 2. HP: 17/27 MP: 1/1
   124 | D:1      | Reached skill level 4 in Axes
   559 | D:1      | Reached XP level 3. HP: 29/33 MP: 2/2
   574 | D:1      | Reached ** piety under Trog
   775 | D:2      | Noticed Terence
   782 | D:2      | Killed Terence
   893 | D:2      | Reached skill level 5 in Axes
   893 | D:2      | Reached XP level 4. HP: 39/41 MP: 3/3
   913 | D:2      | Reached XP level 5. HP: 19/47 MP: 4/4
  1336 | D:2      | Reached *** piety under Trog
  1354 | D:2      | Found a shadowy altar of Dithmenos.
  1589 | D:3      | Reached skill level 6 in Axes
  1634 | D:3      | Reached skill level 5 in Fighting
  1705 | D:3      | Reached XP level 6. HP: 32/56 MP: 5/5
  2552 | D:4      | Found a glowing silver altar of Zin.
  2554 | D:4      | Noticed an angel
  2558 | D:4      | Found a shimmering altar of Xom.
  2974 | D:5      | Entered Level 5 of the Dungeon
  3013 | D:5      | Upgraded the game from 0.24-a0-41-gf098211c9e to
                  | 0.24-a0-67-ga78bd38d5a
  3037 | D:5      | Found a transporter.
  3037 | D:5      | Noticed a death knight
  3039 | D:5      | Found a sparkling altar of Nemelex Xobeh.
  3047 | D:5      | Found a transporter.
  3103 | D:5      | HP: 2/56 [something (1)]
  3103 | D:5      | Mangled by a death knight

Vault maps used:
D:1:      giann_bridges
D:2:      marbit_many_paths, uniq_terence
D:4:      grunt_temple_overflow_order_and_chaos_1, first_ration
D:5:      gammafunk_temple_overflow_arena, serial_shops, nicolae_shop_stone,
          uniq_sigmund

Skill      XL: |  1  2  3  4  5 |
---------------+----------------+-----
Axes           | 4 5 6 |  6.9
Fighting       | 4 5 |  5.5
Armour         | 3 4 |  4.8
Dodging        | |  2.4

Action                   |  1- 3 |  4- 6 || total
-------------------------+-------+-------++-------
Melee: Hand axe          |    76 |   111 ||   187
       Headbutt          |    11 |    19 ||    30
       War axe           |       |    37 ||    37
Invok: Berserk           |     2 |       ||     2
 Stab: Sleeping          |     1 |       ||     1
  Eat: Chunk             |     1 |     7 ||     8
Armor: Animal skin       |     9 |       ||     9
       Chain mail        |     2 |   107 ||   109
Dodge: Dodged            |    47 |   100 ||   147

Table legend:
 A = Non-vault XP
 B = Vault XP
 C = Vault XP percentage of total XP
 D = Non-vault monster count
 E = Vault monster count
 F = Vault count percentage of total count
                 A         B        C        D         E       F
            +---------+---------+-------+---------+---------+-------
      Total |     602 |      39 |   6.1 |      98 |       2 |   2.0
            +---------+---------+-------+---------+---------+-------
        D:1 |      54 |       0 |   0.0 |      32 |       0 |   0.0
        D:2 |     203 |      39 |  16.1 |      28 |       2 |   6.7
        D:3 |     107 |       0 |   0.0 |      23 |       0 |   0.0
        D:4 |     228 |       0 |   0.0 |      11 |       0 |   0.0
        D:5 |      10 |       0 |   0.0 |       4 |       0 |   0.0
            +---------+---------+-------+---------+---------+-------
